 Dungeon Crawl Stone Soup version 0.26-a0-950-g52035dc9a5 (webtiles) character file.

Game seed: 9801767981877577332

191 ANON1729 the Ruffian (level 5, -1/42 HPs)
             Began as a Draconian Transmuter on Nov 29, 2020.
             Was an Initiate of Fedhas.
             Slain by a hound (3 damage)
             ... on level 6 of the Dungeon.
             The game lasted 00:03:18 (3601 turns).

ANON1729 the Ruffian (Draconian Transmuter)         Turns: 3601, Time: 00:03:19

Health: -1/42      AC:  7    Str: 12    XL:     5   Next: 41%
Magic:  9/9        EV: 12    Int: 15    God:    Fedhas [......]
Gold:   120        SH:  0    Dex: 11    Spells: 8/9 levels left

rFire    . . .     SeeInvis .     - Unarmed
rCold    . . .     Faith    .   (no shield)
rNeg     . . .     Spirit   .   (armour unavailable)
rPois    .         Reflect  .   (helmet restricted)
rElec    .         Harm     .   e - +0 cloak
rCorr    .         Rampage  .   h - +0 pair of gloves (curse)
MR       +....                  (no boots)
Stlth    +.........             (no amulet)
HPRegen  0.14/turn              o - ring of protection from magic
MPRegen  0.11/turn              (no ring)

@: no status effects
A: unfitting armour, cold-blooded, AC +5
a: Renounce Religion


You were on level 6 of the Dungeon.
You worshipped Fedhas.
Fedhas was noncommittal.
You visited 1 branch of the dungeon, and saw 6 of its levels.

You collected 120 gold pieces.

Inventory:

Missiles
 a - 106 stones
 j - 5 poisoned darts
Armour
 e - a +0 cloak (worn)
 h - a cursed +0 pair of gloves (worn)
Jewellery
 o - a ring of protection from magic (left hand)
Scrolls
 b - 2 scrolls of enchant armour {unknown}
 c - a scroll of identify {unknown}
 d - 3 scrolls of teleportation {unknown}
 g - a scroll of remove curse {unknown}
 i - a scroll of magic mapping {unknown}
 n - a scroll of immolation {unknown}
Potions
 f - 3 potions of curing {unknown}
 k - 2 potions of heal wounds {unknown}
 l - a potion of resistance {unknown}
 m - 3 potions of cancellation {unknown}


   Skills:
 + Level 2.6 Fighting
 + Level 2.7 Dodging
 + Level 3.8 Unarmed Combat
 + Level 2.9 Spellcasting
 + Level 3.1 Transmutations


You had 8 spell levels left.
You knew the following spells:

 Your Spells              Type           Power        Failure   Level
a - Beastly Appendage     Tmut           ##....       5%          1

Your spell library contained the following spells:

 Spells                   Type           Power        Failure   Level
 Wereblood                Tmut           ##......     9%          2
 Spider Form              Tmut/Pois      #.........   32%         3
 Ice Form                 Ice/Tmut       #.......     71%         4
 Blade Hands              Tmut           ##........   83%         5


Dungeon Overview and Level Annotations

Branches:
Dungeon (7/15)
 Temple: D:4-7

Altars:
Fedhas


Innate Abilities, Weirdness & Mutations

Your plain brown scales are hard. (AC +5)
You cannot fit into any form of body armour.
You are cold-blooded and may be slowed by cold attacks.


Message History

The hound closely misses you.
You hit the hound.
Your tail-slap misses the hound.
The hound is almost dead.
The hound completely misses you. The ice beast hits you.
The ice beast freezes you!
You feel yourself slow down.
You are too injured to fight recklessly!
You are too injured to fight recklessly!
The hound bites you.
* * * LOW HITPOINT WARNING * * *
The quokka bites you but does no damage.
The hound bites you but does no damage. The quokka barely misses you.
You feel yourself speed up. The quokka barely misses you.
The hound closely misses you. The ice beast hits you.
* * * LOW HITPOINT WARNING * * *
The ice beast freezes you!
* * * LOW HITPOINT WARNING * * *
The quokka barely misses you. The hound bites you.
You die...
Fedhas appreciates your contribution to the ecosystem.

########
##########......##
#>................
#.......!.@.......
######...Yrh....##
#..........#
#..........#
#>.........#
#####......#
#......# ##+##...
...


You could see an ice beast, a hound and a quokka.

Vanquished Creatures
  2 worker ants (D:4)
  A hound skeleton (D:2)
  7 adders
  4 worms
  3 dart slugs
  7 bats
  4 giant cockroaches
  3 goblins (D:2)
  4 hobgoblins
  4 jackals (D:2)
  5 kobolds
  A ball python (D:2)
  5 frilled lizards
  7 rats
57 creatures vanquished.

Vanquished Creatures (others)
  2 plants (D:3)
2 creatures vanquished.

Grand Total: 59 creatures vanquished

Notes
Turn   | Place    | Note
-------+----------+-------------------------------------------
     0 | D:1      | ANON1729 the Draconian Transmuter began the quest for the
                  | Orb.
     0 | D:1      | Reached XP level 1. HP: 16/16 MP: 3/3
   199 | D:1      | Reached XP level 2. HP: 23/23 MP: 5/5
   746 | D:2      | Reached XP level 3. HP: 29/29 MP: 4/6
  1011 | D:2      | Reached XP level 4. HP: 10/36 MP: 7/7
  2710 | D:3      | Found a faded altar of an unknown god.
  2816 | D:3      | Found a blossoming altar of Fedhas.
  2841 | D:3      | Became a worshipper of Fedhas Madash
  3205 | D:4      | Reached XP level 5. HP: 29/42 MP: 9/9
  3570 | D:4      | You fall into a shaft and drop 3 floors!
  3592 | D:6      | Noticed an ice beast
  3601 | D:6      | HP: 2/42 [ice beast (8)]
  3601 | D:6      | Slain by a hound

Illustrated notes

Levels and vault maps discovered:
D:1:      minmay_arrival_shattered_statue, layout_rooms, serial_park_tiny_2,
          minmay_misc_feat_tiny
D:2:      layout_basic, chequers_serial_rivers_room_a
D:3:      layout_loops_ring, fedhas_ov_isle_minmay,
          chequers_ecumenical_altar_twisty
D:4:      layout_rooms, nicolae_tso_swordbearing_angel
D:6:      layout_basic, regret_index_temple_of_mockery, uniq_blork_the_orc,
          uniq_pikel
D:7:      layout_gridville, nicolae_overflow_hidden_temple,
          minmay_temple_entry_glass, uniq_harold

Skill      XL: |  1  2  3  4 |
---------------+-------------+-----
Dodging        | 2 |  2.7
Fighting       | 2 |  2.6
Transmutations | 3 |  3.1
Unarmed Combat | |  3.8
Spellcasting   | |  2.9

Action                   |  1- 3 |  4- 6 || total
-------------------------+-------+-------++-------
Melee: Unarmed           |   135 |   161 ||   296
       Tailslap          |     6 |    14 ||    20
       Kick              |    10 |    10 ||    20
       Headbutt          |     8 |     6 ||    14
       Punch             |     1 |     2 ||     3
 Cast: Beastly Appendage |     4 |     7 ||    11
 Stab: Sleeping          |     1 |       ||     1
Armor: Skin              |    53 |    58 ||   111
Dodge: Dodged            |    72 |    94 ||   166

Table legend: (Time is in decaauts)
 A = Elapsed time spent in this place.
 B = Non-inter-level travel time spent in this place.
 C = Inter-level travel time spent in this place.
 D = Time resting spent in this place.
 E = Time spent auto-exploring this place.
 F = Levels seen in this place.
 G = Mean time per level.
                   A        B        C        D        E       F      G
               +--------+--------+--------+--------+--------+-----+--------+
         Total |   3586 |   3421 |    165 |    691 |   2210 |   6 |  597.7 |
       Dungeon |   3586 |   3421 |    165 |    691 |   2210 |   6 |  597.7 |
               +--------+--------+--------+--------+--------+-----+--------+

Top non-repeatable levels by time:
     D:2: 1975 daAuts
     D:3: 732 daAuts
     D:1: 596 daAuts
     D:4: 250 daAuts
     D:6: 15 daAuts
     D:7: 14 daAuts
